 Dungeon Crawl Stone Soup version 0.25.1-2-g60ff931df9 (webtiles) character file.

Game seed: 4864290215023998659

67 Delamore the Shield-Bearer (level 4, 0/29 HPs)
             Began as a Gargoyle Fighter on Sept 24, 2020.
             Slain by a hornet zombie (7 damage)
             ... on level 3 of the Dungeon.
             The game lasted 00:01:00 (1371 turns).

Delamore the Shield-Bearer (Gargoyle Fighter)       Turns: 1371, Time: 00:01:00

Health: 0/29       AC: 11    Str: 21    XL:     4   Next: 18%
Magic:  4/4        EV:  7    Int:  8    God:
Gold:   35         SH:  9    Dex:  9    Spells: 3/3 levels left

rFire    . . .     SeeInvis .   a - +0 flail
rCold    . . .     Gourm    .   c - +0 kite shield
rNeg     + . .     Faith    .   b - +0 scale mail
rPois    ∞         Spirit   .   (no helmet)
rElec    +         Reflect  .   (no cloak)
rCorr    +         Harm     .   n - +0 pair of gloves
MR       .....                  (no boots)
Stlth    ..........             (no amulet)
HPRegen  0.09/turn              k - ring of resist corrosion
MPRegen  0.09/turn              (no ring)

@: no status effects
A: negative energy resistance 1, electricity resistance, unbreathing,
petrification resistance, rot immunity, AC +3
a: no special abilities


You were on level 3 of the Dungeon.
You were not hungry.

You visited 1 branch of the dungeon, and saw 3 of its levels.

You collected 35 gold pieces.

Inventory:

Hand Weapons
 a - a +0 flail (weapon)
Armour
 b - a +0 scale mail (worn)
 c - a +0 kite shield (worn)
 n - a +0 pair of gloves (worn)
Jewellery
 k - a ring of resist corrosion (left hand)
Scrolls
 e - 3 scrolls of remove curse {unknown}
 h - a scroll of identify {unknown}
 j - a scroll of teleportation {unknown}
 m - a scroll of enchant armour {unknown}
 o - a scroll of random uselessness {unknown}
Potions
 d - a potion of might
 i - a potion of resistance {unknown}
 l - a potion of berserk rage {unknown}
Comestibles
 f - 3 rations
 g - a chunk of flesh


   Skills:
 + Level 4.1 Fighting
 + Level 3.0 Maces & Flails
 - Level 3.2 Armour
 + Level 4.1 Shields


You had 3 spell levels left.
You didn't know any spells.
Your spell library was empty.

Dungeon Overview and Level Annotations

Branches:
Dungeon (2/15)

Altars:

Annotations:
D:2 Sigmund


Innate Abilities, Weirdness & Mutations

You are resistant to torment.
Your stone body is resilient. (AC +3)
You are immune to poison.
You resist negative energy. (rN+)
You are resistant to electric shocks. (rElec)
You can survive without breathing.
You are immune to petrification.
You are immune to rotting.


Message History

The hornet zombie hits you. x2
* * * LOW HITPOINT WARNING * * *
You closely miss the hornet zombie.
The hornet zombie is heavily damaged.
The hornet zombie hits you but does no damage.
The hornet zombie barely misses you.
You hit the hornet zombie.
The hornet zombie is heavily damaged.
The hornet zombie hits you but does no damage.
You hit the hornet zombie.
The hornet zombie is severely damaged.
The hornet zombie closely misses you. The hornet zombie barely misses you.
You hit the hornet zombie but do no damage.
The hornet zombie is severely damaged.
The hornet zombie hits you but does no damage.
The hornet zombie closely misses you.
You thump the hornet zombie!
The hornet zombie is severely damaged.
The hornet zombie hits you!
You die...

#.........#
#.#
##........#
#.#
##########
#.# #.# #.#
#.# #.# #.#
#@# #Z# ...
.....
.......
.......##
...>.....
#........#.


You could see a hornet zombie.

Vanquished Creatures
  3 gnolls (D:3)
  2 adders
  2 giant cockroaches (D:3)
  3 goblins
  2 hobgoblins (D:1)
  3 bats
  3 frilled lizards
  3 kobolds
  4 rats
25 creatures vanquished.

Notes
Turn   | Place    | Note
-------+----------+-------------------------------------------
     0 | D:1      | Delamore the Gargoyle Fighter began the quest for the Orb.
     0 | D:1      | Reached XP level 1. HP: 14/14 MP: 1/1
   311 | D:1      | Reached XP level 2. HP: 19/19 MP: 2/2
   678 | D:2      | Noticed Sigmund
   910 | D:2      | Reached XP level 3. HP: 21/24 MP: 3/3
   962 | D:2      | You fall into a shaft and drop 1 floor!
  1042 | D:3      | Reached XP level 4. HP: 9/29 MP: 4/4
  1371 | D:3      | Slain by a hornet zombie

Illustrated notes

Levels and vault maps discovered:
D:1:      mrwooster_arrival_statue_3, layout_loops_ring
D:2:      layout_basic, minmay_between, uniq_sigmund
D:3:      layout_rooms, nrook_mini_vaults, hangedman_abyss_or_decor_lesser_grid,
          glass_columns_a, hangedman_decor_growths, nemelex_diamond_rough_becter

Skill      XL: |  1  2  3  4 |
---------------+-------------+-----
Fighting       | 4 |  4.1
Shields        | 4 |  4.1
Maces & Flails | 3 |  3.0
Armour         | |  3.2

Action                   |  1- 3 |  4- 6 || total
-------------------------+-------+-------++-------
Melee: Flail             |    89 |    23 ||   112
  Eat: Chunk             |       |     2 ||     2
Armor: Scale mail        |    57 |    11 ||    68
Dodge: Dodged            |    35 |     9 ||    44
Block: Kite shield       |    46 |    12 ||    58
